 Dungeon Crawl Stone Soup version 0.30.1-11-g7821555f0a (webtiles) character file.

Game seed: 2339194406769151413

219 otna the Shield-Bearer (level 5, -2/47 HPs)
             Began as a Minotaur Fighter on Dec 21, 2023.
             Slain by an ogre
             ... wielding a +0 giant spiked club
              (11 damage)
             ... on level 3 of the Dungeon.
             The game lasted 00:05:54 (1667 turns).

otna the Shield-Bearer (Minotaur Fighter)           Turns: 1667, Time: 00:05:55

Health: -2/47      AC:  7    Str: 23    XL:     5   Next: 63%
Magic:  4/4        EV:  8    Int:  5    God:
Gold:   140        SH:  8    Dex:  9    Spells: 4/4 levels left

rFire   . . .        a - +0 war axe
rCold   . . .        k - +0 kite shield
rNeg    . . .        b - +0 scale mail
rPois   .            (helmet restricted)
rElec   .            h - scarf {repulsion}
rCorr   .            (no gloves)
SInv    .            (no boots)
Will    .....        (no amulet) Stlth
                     i - +4 ring of slaying
HPRegen 0.27/turn    (no ring)
MPRegen 0.09/turn

%: repel missiles
@: no status effects
A: horns 2, retaliatory headbutt
a: no special abilities


You were on level 3 of the Dungeon.
You visited 1 branch of the dungeon, and saw 3 of its levels.

You collected 140 gold pieces.

Inventory:

Hand Weapons
 a - a +0 war axe (weapon)
Missiles
 f - 12 poisoned darts (quivered)
 m - 3 datura-tipped darts
Armour
 b - a +0 scale mail (worn)
 h - a scarf of repulsion (worn)
 k - a +0 kite shield (worn)
Jewellery
 i - a +4 ring of slaying (left hand)
Scrolls
 c - a scroll of poison {unknown}
 g - 2 scrolls of vulnerability {unknown}
 j - 3 scrolls of identify {unknown}
Potions
 d - 3 potions of might
 e - 2 potions of flight {unknown}
 l - a potion of cancellation {unknown}
 n - 2 potions of curing {unknown}
 o - a potion of attraction {unknown}
 p - a potion of heal wounds {unknown}
 q - a potion of degeneration {unknown}


   Skills:
 + Level 4.9 Fighting
 + Level 4.1 Axes
 + Level 4.9 Armour
 + Level 5.0 Shields


You had 4 spell levels left.
You didn't know any spells.
Your spell library was empty.

Dungeon Overview and Level Annotations

Branches:
Dungeon (3/15)

Altars:

Shops:
D:2 !


Innate Abilities, Weirdness & Mutations

You have a pair of horns on your head.
You reflexively headbutt those who attack you in melee.


Message History

The orc is almost dead.
You block the orc's attack. x2
You slash the orc!
You kill the orc!
You slash Ijyb! You headbutt Ijyb, but do no damage.
Ijyb is moderately wounded.
Ijyb hits you with a +8 dagger of flaming.
Ijyb burns you.
You barely miss Ijyb.
Ijyb is moderately wounded.
Ijyb hits you with a +8 dagger of flaming.
Ijyb burns you. You block Ijyb's attack.
You are too injured to fight recklessly!
You are too injured to fight recklessly!
You are too injured to fight recklessly!
You are too injured to fight recklessly!
You are too injured to fight recklessly!
You are too injured to fight recklessly!
You are too injured to fight recklessly!
You are too injured to fight recklessly!
You slash Ijyb!
Ijyb is almost dead.
Ijyb zaps a wand.
The puff of flame hits you!
You barely miss Ijyb. Your headbutt misses Ijyb.
Ijyb is almost dead.
An endoplasm comes into view.
Ijyb misses you.
You closely miss Ijyb.
Ijyb is almost dead.
Ijyb zaps a wand.
The puff of flame hits you.
* * * LOW HITPOINT WARNING * * *
Ijyb zaps a wand.
The puff of flame hits you.
* * * LOW HITPOINT WARNING * * *
You closely miss Ijyb. Your headbutt misses Ijyb.
Ijyb is almost dead.
Ijyb zaps a wand.
You block the puff of flame.
You slash Ijyb!
You kill Ijyb!
The ogre hits you with a +0 giant spiked club!
You die...

#...)).##########.#.#
#.###
#......##########.#.#
#....
#.........#.....#.#.#
#....
#......##.......#.#.#
#....
###########.....#.#.#
#.... ###.###.#.#
#.... ### #..##.#.#
#....
....J#####......#
#....
.....oO@†........#
#....
.....##########...
#.... ... #. .


You could see an ogre, an orc and an endoplasm.

Vanquished Creatures
  Ijyb (D:3)
  Robin (D:3)
  9 adders
  6 worms (D:2)
  2 dart slugs
  4 orcs (D:3)
  10 ball pythons
  8 bats
  8 endoplasms
  4 giant cockroaches
  9 goblins
  12 hobgoblins
  6 quokkas
  6 frilled lizards
  5 kobolds
  9 rats
100 creatures vanquished.

Notes
Turn   | Place    | Note
-------+----------+-------------------------------------------
     0 | D:1      | otna the Minotaur Fighter began the quest for the Orb.
     0 | D:1      | Reached XP level 1. HP: 19/19 MP: 0/0
   117 | D:1      | Reached XP level 2. HP: 27/27 MP: 1/1
   261 | D:1      | Reached skill level 4 in Shields
   335 | D:1      | Reached XP level 3. HP: 33/33 MP: 2/2
   783 | D:2      | Reached XP level 4. HP: 36/40 MP: 3/3
  1123 | D:2      | Found Caown's Distillery.
  1164 | D:2      | Found a faded altar of an unknown god.
  1201 | D:2      | Reached XP level 5. HP: 47/47 MP: 4/4
  1552 | D:3      | Noticed Robin
  1571 | D:3      | Killed Robin
  1645 | D:3      | Noticed an ogre
  1646 | D:3      | Noticed Ijyb
  1654 | D:3      | Reached skill level 5 in Shields
  1667 | D:3      | Killed Ijyb
  1667 | D:3      | Slain by an ogre

Illustrated notes

Levels and vault maps discovered:
D:1:      spicycebolla_arrival_risky_transporter, layout_rooms,
          minmay_split_cup_large
D:2:      layout_loops_ring, shapermc_ecumenical_altar_ellora, serial_shops,
          shop_fountains, minmay_joined_circles
D:3:      layout_basic, nzn_wu_jian_contemplation, grunt_ministairs_8,
          uniq_ijyb, uniq_robin

Skill      XL: |  1  2  3  4  5 |
---------------+----------------+-----
Fighting       | 4 |  4.9
Armour         | 4 |  4.9
Shields        | 4 5 |  5.0
Axes           | 3 4 |  4.1

Action                     |  1- 3 |  4- 6 || total
---------------------------+-------+-------++-------
  Melee: War axe           |    75 |   111 ||   186
         Headbutt          |    13 |    12 ||    25
 Armour: Scale mail        |    26 |    37 ||    63
  Dodge: Dodged            |    29 |    37 ||    66
  Block: Buckler           |    12 |       ||    12
         Kite shield       |     6 |    49 ||    55
